[Event "Titled Tuesday Blitz July 4 Late 2023"]
[White "Halkias, Stelios"]
[Black "Hilary46"]
[WhiteFideId "4201809"]
[WhiteElo "2800"]
[BlackElo "2658"]
[Result "0-1"]
[Round "11"]
[TimeControl "180+2"]
[Date "2023.07.04"]
[WhiteClock "0:00:08"]
[BlackClock "0:00:22"]
[Board "18"]

1. Nf3 d5 2. d4 Nf6 3. c4 c6 4. cxd5 cxd5 5. Nc3 Nc6 6. Bf4 Bf5 7. e3 e6 8. Bb5 Nd7 9. O-O Rc8 10. Rc1 a6 11. Bxc6 Rxc6 12. Na4 Qc8 13. Rxc6 Qxc6 14. Qc1 Bc2 15. Nc5 Bf5 16. Nxd7 Qxd7 17. Ne5 Qd8 18. Qd1 f6 19. Qa4+ b5 20. Qxa6 fxe5 21. Rc1 exf4 22. Rc8 Be7 23. e4 dxe4 24. Rxd8+ Bxd8 25. Qxb5+ Kf7 26. Qd7+ Be7 27. Qc7 g5 28. h4 h6 29. d5 Rd8 30. b4 Rxd5 31. a4 g4 32. b5 Rd1+ 33. Kh2 g3+ 34. fxg3 fxg3+ 35. Kxg3 Kf6 36. Kf2 Bd6 37. Qd8+ Ke5 38. Qh8+ Kd5 39. Qa8+ Ke5 40. Qh8+ Kd5 41. Qa8+ Kd4 42. Qh8+ Kd3 43. g4 e3+ 44. Kg2 Be4+ 45. Kh3 Rh1# 0-1


[Site "https://www.chess.com"]

[Event "Titled Tuesday Blitz July 4 Late 2023"]
[White "Mattheii"]
[Black "Hambleton, Aman"]
[BlackFideId "2606577"]
[WhiteElo "2560"]
[BlackElo "2793"]
[Result "0-1"]
[Round "11"]
[TimeControl "180+2"]
[Date "2023.07.04"]
[WhiteClock "0:00:16"]
[BlackClock "0:00:18"]
[Board "19"]

1. d4 Nf6 2. c4 e6 3. Nc3 Bb4 4. Qc2 c5 5. dxc5 Qc7 6. Nf3 Bxc5 7. Bg5 Be7 8. e3 a6 9. Be2 d6 10. O-O O-O 11. Rfd1 b6 12. Rac1 Bb7 13. b4 Nbd7 14. a3 Rac8 15. Qb3 Qb8 16. h3 h6 17. Bf4 e5 18. Bh2 Qa8 19. Ne1 Rc7 20. f3 Rfc8 21. e4 Nf8 22. Kh1 Bc6 23. Rc2 Bd7 24. Bg1 Qb7 25. Rdc1 Ng6 26. Nd5 Nxd5 27. cxd5 b5 28. Be3 Bg5 29. Rxc7 Rxc7 30. Rxc7 Qxc7 31. Bxg5 hxg5 32. Qc2 Qb6 33. Bf1 Nf4 34. Qd2 f6 35. Kh2 Kf7 36. g3 Ng6 37. Be2 Ke7 38. Bf1 Nh8 39. Nc2 Nf7 40. Qe3 Qc7 41. Qd2 Nh6 42. Ne3 g6 43. Bd3 Qb6 44. Kg2 Qd4 45. Qe2 Qc3 46. Qc2 Qxa3 47. Qd2 Nf7 48. Kh2 Nd8 49. Nc2 Qb2 50. Kg2 Nb7 51. h4 gxh4 52. gxh4 Nd8 53. Qh6 Qc3 54. Qe3 Nf7 55. Kf2 f5 56. Ke2 f4 57. Qb6 Qc8 58. Qg1 Kf6 59. Qg2 Qh8 60. Qh2 Ke7 61. Qg1 Qh5 62. Qh2 g5 63. Ne1 gxh4 64. Ng2 h3 65. Ne1 Qg5 66. Kf2 Qh4+ 67. Ke2 Qg3 68. Qh1 h2 69. Kd2 Bh3 70. Bf1 Qg1 71. Bxh3 Qxh1 72. Bg2 Qxg2+ 73. Nxg2 h1=Q 74. Nh4 Qxh4 75. Kc3 Qg3 76. Kb2 Qxf3 77. Ka2 Kf6 78. Kb1 Kg5 79. Kb2 Kg4 80. Kc1 Qe3+ 81. Kb2 Kf3 82. Kb1 Kxe4 83. Ka1 Kxd5 84. Ka2 Ke6 85. Kb1 d5 86. Ka1 d4 87. Ka2 e4 88. Kb1 Kd5 89. Ka2 Kc4 90. Kb2 Kxb4 0-1


[Site "https://www.chess.com"]

[Event "Titled Tuesday Blitz July 4 Late 2023"]
[White "Stribuk, Artiom"]
[Black "Stoleriu, George"]
[WhiteFideId "13515659"]
[BlackFideId "1227505"]
[WhiteElo "2790"]
[BlackElo "2673"]
[Result "1/2-1/2"]
[Round "11"]
[TimeControl "180+2"]
[Date "2023.07.04"]
[WhiteClock "0:00:05"]
[BlackClock "0:00:17"]
[Board "20"]

1. d4 e6 2. c4 Nf6 3. g3 Bb4+ 4. Nd2 O-O 5. Bg2 d6 6. Nf3 Qe7 7. O-O Nc6 8. Nb3 Na5 9. a3 Nxb3 10. Qxb3 Ba5 11. Qc2 c5 12. dxc5 dxc5 13. Bf4 Bc7 14. Rfd1 Bxf4 15. gxf4 Bd7 16. Ne5 Rab8 17. Rd2 Rfd8 18. Rad1 Be8 19. e3 Rxd2 20. Qxd2 Kf8 21. b4 b6 22. b5 Qc7 23. Bc6 Rc8 24. a4 Ke7 25. a5 Rd8 26. Qxd8+ Qxd8 27. Rxd8 Kxd8 28. a6 Bxc6 29. Nxc6+ Kc7 30. Nxa7 Ne4 31. Nc6 Nd2 32. Nd8 Kb8 33. Nxf7 Nxc4 34. Ng5 Na3 35. Nxe6 Nxb5 36. Nxg7 Nc3 37. Kf1 b5 38. Ke1 b4 39. Kd2 Ne4+ 40. Kc2 c4 41. Ne6 Nxf2 42. Nd4 b3+ 43. Kb2 Nd1+ 44. Kc1 Nxe3 45. f5 Nd5 46. Nc6+ Kc7 47. Na5 Kb6 48. Nxc4+ Kxa6 49. Kb2 Kb5 50. Kxb3 Kc5 51. h3 Kd4 52. Nd6 Ke5 53. Nf7+ Kxf5 54. Kc4 Ne3+ 55. Kd3 Ng2 56. Ke2 Nf4+ 57. Kf3 Nxh3 58. Kg3 Nf4 59. Nd6+ Kg5 60. Ne4+ Kf5 61. Nd6+ Ke5 62. Nc4+ Ke4 63. Nd6+ Ke3 64. Nc4+ Ke4 65. Nd6+ Ke5 66. Nf7+ Kf5 67. Nd6+ 1/2-1/2


[Site "https://www.chess.com"]

[Event "Titled Tuesday Blitz July 4 Late 2023"]
[White "Raja Rithvik R"]
[Black "Katz, Alexander"]
[WhiteFideId "35007394"]
[BlackFideId "2039796"]
[WhiteElo "2780"]
[BlackElo "2662"]
[Result "1-0"]
[Round "11"]
[TimeControl "180+2"]
[Date "2023.07.04"]
[WhiteClock "0:00:12"]
[BlackClock "0:00:19"]
[Board "21"]

1. Nf3 Nf6 2. c4 e6 3. g3 d5 4. Bg2 Be7 5. O-O dxc4 6. d4 cxd3 7. exd3 O-O 8. d4 Nd5 9. Nc3 b6 10. Nxd5 exd5 11. Bf4 Bb7 12. Rc1 c5 13. Ne5 Nc6 14. dxc5 Nxe5 15. Bxe5 Bxc5 16. b4 Bd6 17. Bxd5 Bxe5 18. Bxb7 Rb8 19. Bd5 Qf6 20. Qb3 Rbd8 21. Rcd1 g6 22. Rd3 Rd7 23. Rfd1 Kg7 24. Kg2 Qd8 25. Bxf7 Rxd3 26. Rxd3 Qe7 27. Bd5 h5 28. Bc6 Qf6 29. Bf3 Kh6 30. a3 g5 31. Qc2 g4 32. Be4 Kg7 33. Rd5 Rf7 34. Qe2 Re7 35. Qd3 Rf7 36. f4 gxf3+ 37. Bxf3 Re7 38. Bxh5 Bb8 39. Bf3 Qb2+ 40. Kh3 Qf6 41. Rd7 Qh6+ 42. Kg2 Qe6 43. Rxe7+ Qxe7 44. Qd4+ Be5 45. Qg4+ Kf8 46. Qf5+ Kg7 47. Be4 Qf6 48. Qxf6+ Kxf6 49. Kf3 b5 50. Bc6 Bb2 51. a4 bxa4 52. Bxa4 Bc3 53. b5 Bd4 54. h4 Bb6 55. Bc2 Ke5 56. g4 Kf6 57. g5+ Ke5 58. Kg4 Ke6 59. h5 Kf7 60. h6 Bd4 61. g6+ Kg8 62. Bb3+ Kf8 63. g7+ Bxg7 64. hxg7+ Kxg7 65. Kf5 Kf8 66. Ke6 Ke8 67. Kd6 Kd8 68. Kc6 Kc8 69. Bd5 Kb8 70. Kd7 a5 71. bxa6 Ka7 72. Bc4 Kb6 73. Kd6 Ka7 74. Kc6 Kb8 75. Kb6 Ka8 76. Bd5+ Kb8 77. a7+ Kc8 78. a8=Q+ Kd7 79. Qc6+ 1-0


[Site "https://www.chess.com"]

[Event "Titled Tuesday Blitz July 4 Late 2023"]
[White "Tristan, Leonardo"]
[Black "Di Berardino, Diego Rafael"]
[WhiteFideId "113816"]
[BlackFideId "2105446"]
[WhiteElo "2768"]
[BlackElo "2630"]
[Result "1-0"]
[Round "11"]
[TimeControl "180+2"]
[Date "2023.07.04"]
[WhiteClock "0:00:07"]
[BlackClock "0:00:02"]
[Board "22"]

1. d4 Nf6 2. Nf3 c5 3. c3 Qc7 4. Bg5 Ne4 5. Bh4 cxd4 6. cxd4 d5 7. Nbd2 Nc6 8. e3 Bf5 9. Be2 e6 10. O-O Bd6 11. Rc1 O-O 12. Nb3 Rac8 13. Nc5 b6 14. Nd3 Qb8 15. Qa4 Na5 16. Nde5 Rxc1 17. Rxc1 Rc8 18. Rxc8+ Qxc8 19. b4 Nc4 20. g4 Bg6 21. Qxa7 Nxe5 22. Nxe5 Bxe5 23. dxe5 h6 24. Qxb6 Qc2 25. Qa6 Nd2 26. f3 Nc4 27. Bf1 Nxe3 28. Qe2 Qc1 29. Qe1 Qa3 30. b5 Nc2 31. Qf2 Qxa2 32. f4 Qb1 33. f5 exf5 34. gxf5 Bh5 35. e6 fxe6 36. fxe6 Nb4 37. e7 Nd3 38. Qf8+ Kh7 39. e8=Q Bxe8 40. Qxe8 Qc2 41. Qe2 Qc5+ 42. Bf2 Nxf2 43. Qxf2 d4 44. Bd3+ Kg8 45. Qf5 Qc1+ 46. Kg2 Qd2+ 47. Kf1 Qc1+ 48. Ke2 Qe3+ 49. Kd1 Qg1+ 50. Kc2 Qxh2+ 51. Kb3 Qd2 52. Kc4 Qc3+ 53. Kd5 Qb4 54. Qh7+ Kf7 55. Qg6+ Kf8 56. b6 Qa5+ 57. Kc6 Qc3+ 58. Kd7 Qc5 59. Qd6+ Qxd6+ 60. Kxd6 1-0


[Site "https://www.chess.com"]

[Event "Titled Tuesday Blitz July 4 Late 2023"]
[White "Przybylski, Wojciech"]
[Black "Morefield, Jason"]
[WhiteFideId "1117599"]
[BlackFideId "30920825"]
[WhiteElo "2591"]
[BlackElo "2765"]
[Result "0-1"]
[Round "11"]
[TimeControl "180+2"]
[Date "2023.07.04"]
[WhiteClock "0:00:02"]
[BlackClock "0:00:05"]
[Board "23"]

1. e4 d6 2. Nf3 Nf6 3. Nc3 g6 4. g3 Bg7 5. Bg2 O-O 6. O-O e5 7. a4 Nc6 8. a5 a6 9. h3 Ne8 10. d3 f5 11. Nd5 Kh8 12. Re1 Be6 13. Bg5 Qd7 14. Kh2 h6 15. Bd2 g5 16. c4 fxe4 17. dxe4 g4 18. hxg4 Bxg4 19. Ne3 Bxf3 20. Bxf3 Nd4 21. Nf5 Nxf5 22. Bg4 Qf7 23. Bxf5 Qxc4 24. Rc1 Qf7 25. Kg2 Nf6 26. Qe2 Ng8 27. Rh1 d5 28. Be3 dxe4 29. Bxe4 c6 30. Rh4 Rad8 31. Rch1 Qe6 32. Rg4 Rf6 33. Bg5 Rdf8 34. Be3 Qf7 35. Rgh4 Rd8 36. Rh5 Re8 37. Qg4 Rf8 38. Rf1 Qe6 39. Qh4 Rg6 40. Rh1 Rgf6 41. Re1 Qf7 42. Re2 Ne7 43. Qg4 Nf5 44. Bxf5 Rxf5 45. Rh1 Qd5+ 46. Kh2 e4 47. Rc1 Rh5+ 48. Kg2 Qf7 49. Qxe4 Re8 50. Qg4 Qd5+ 51. f3 Rxe3 52. Rce1 Rxe2+ 53. Rxe2 Rg5 54. Qc8+ Kh7 55. Qxb7 Qd6 56. g4 h5 57. Qc8 hxg4 58. fxg4 Qf4 59. Kh3 Qf3+ 60. Kh4 Qxe2 61. Kxg5 Qe3+ 62. Kf5 Qf3+ 63. Kg5 Qf6+ 64. Kh5 Qh6# 0-1


[Site "https://www.chess.com"]

[Event "Titled Tuesday Blitz July 4 Late 2023"]
[White "ATM622"]
[Black "Fernandez Guillen, Ernesto J."]
[BlackFideId "3512428"]
[WhiteElo "2590"]
[BlackElo "2744"]
[Result "1-0"]
[Round "11"]
[TimeControl "180+2"]
[Date "2023.07.04"]
[WhiteClock "0:02:02"]
[BlackClock "0:01:42"]
[Board "24"]

1. d4 Nf6 2. c4 e6 3. g3 Bb4+ 4. Nd2 Qe7 5. Bg2 O-O 6. Nf3 d5 7. Qc2 b6 8. O-O Bb7 9. a3 Bxd2 10. Nxd2 c5 11. dxc5 bxc5 12. cxd5 exd5 13. Nf3 Nbd7 14. Rd1 Rac8 15. Nh4 g6 16. Bh6 Rfe8 17. Rac1 Qxe2 18. Qxe2 Rxe2 19. b4 Ne4 20. Bf3 Nxf2 21. Bxe2 Nxd1 22. Bxd1 cxb4 23. Rxc8+ Bxc8 24. axb4 Nb6 25. Be3 f5 26. Bb3 Bb7 27. Nf3 Kf7 28. Ng5+ Kf6 29. Nxh7+ Ke5 30. Kf2 Ba6 31. Ng5 d4 32. Nf3+ Ke4 33. Nxd4 Nc4 34. Bc2+ Kd5 35. b5 Bb7 36. Bd1 Ke5 37. Bf3 Be4 38. Nc6+ Kd5 39. Bxe4+ Kxe4 40. Bxa7 Nd6 41. b6 Nb7 42. h4 Kd5 43. Ne7+ 1-0


[Site "https://www.chess.com"]

[Event "Titled Tuesday Blitz July 4 Late 2023"]
[White "Pulvett Marin, Daniel Eduardo"]
[Black "musclemonster12"]
[WhiteFideId "3900410"]
[WhiteElo "2731"]
[BlackElo "2564"]
[Result "1-0"]
[Round "11"]
[TimeControl "180+2"]
[Date "2023.07.04"]
[WhiteClock "0:00:29"]
[BlackClock "0:00:04"]
[Board "25"]

1. d4 Nf6 2. Nc3 d5 3. Bf4 e6 4. e3 Bb4 5. Bd3 c5 6. dxc5 Nbd7 7. Ne2 a6 8. Bg3 Bxc5 9. O-O Nh5 10. e4 Nxg3 11. Nxg3 d4 12. Nce2 O-O 13. f4 e5 14. Qd2 f6 15. f5 Nb6 16. b4 Bd6 17. a4 Kf7 18. a5 Nd7 19. Nh5 g6 20. Bc4+ Ke7 21. Qh6 gxh5 22. Qxh7+ Ke8 23. Qxh5+ Ke7 24. Qh7+ Ke8 25. Qg6+ Ke7 26. Ng3 Qe8 27. Nh5 Kd8 28. Ng7 Qxg6 29. fxg6 Nb8 30. Nf5 Bxf5 31. exf5 Nc6 32. g7 Re8 33. g8=Q Rxg8 34. Bxg8 Bxb4 35. Rab1 e4 36. Bd5 Bc5 37. Rxb7 d3+ 38. Kh1 e3 39. cxd3 Rc8 40. Rc1 Nd4 41. Be6 Nxe6 42. fxe6 e2 43. d4 Bb4 44. Rd7+ Ke8 45. Rxc8# 1-0


[Site "https://www.chess.com"]

[Event "Titled Tuesday Blitz July 4 Late 2023"]
[White "Erenberg, Ariel"]
[Black "Yeritsyan, Hayk"]
[WhiteFideId "2811634"]
[BlackFideId "13307320"]
[WhiteElo "2718"]
[BlackElo "2516"]
[Result "0-1"]
[Round "11"]
[TimeControl "180+2"]
[Date "2023.07.04"]
[WhiteClock "0:00:00"]
[BlackClock "0:00:52"]
[Board "26"]

1. b3 d5 2. Bb2 Bf5 3. g3 e6 4. Bg2 Nf6 5. e3 h6 6. Ne2 c6 7. d3 Be7 8. Nd2 O-O 9. h3 Bh7 10. a3 Nbd7 11. g4 b5 12. Ng3 a5 13. h4 Ne8 14. g5 hxg5 15. hxg5 Bxg5 16. Qh5 Bh6 17. O-O-O Nef6 18. Qh3 Re8 19. Kb1 c5 20. f4 a4 21. Nf3 axb3 22. cxb3 c4 23. Ng5 Bxd3+ 24. Rxd3 cxd3 25. f5 e5 26. Qh4 Qc7 27. Nh5 Qc2+ 28. Ka1 Qxg2 29. Nxf6+ Nxf6 30. Ne6 fxe6 0-1


[Site "https://www.chess.com"]

[Event "Titled Tuesday Blitz July 4 Late 2023"]
[White "Janturin, Artur"]
[Black "Pranav, V"]
[WhiteFideId "4130022"]
[BlackFideId "25060783"]
[WhiteElo "2584"]
[BlackElo "2958"]
[Result "0-1"]
[Round "11"]
[TimeControl "180+2"]
[Date "2023.07.04"]
[WhiteClock "0:00:10"]
[BlackClock "0:01:26"]
[Board "27"]

1. b3 e5 2. Bb2 Nc6 3. e3 Nf6 4. Bb5 d6 5. Nf3 Be7 6. d4 exd4 7. Nxd4 Bd7 8. O-O O-O 9. Nxc6 bxc6 10. Be2 d5 11. c4 Bd6 12. Nc3 Be6 13. Bf3 Re8 14. cxd5 cxd5 15. Nb5 Be7 16. Rc1 c5 17. Bxf6 Bxf6 18. Rxc5 Qb6 19. b4 Be7 20. Nc7 Bxc5 21. Nxa8 Rxa8 22. bxc5 Qxc5 23. Qd4 Qa5 24. h4 h6 25. g4 Rc8 26. g5 Rc4 27. Qe5 Rxh4 28. Rb1 hxg5 29. Rb8+ Kh7 30. Be4+ Rxe4 31. Qh2+ Rh4 0-1


[Site "https://www.chess.com"]

[Event "Titled Tuesday Blitz July 4 Late 2023"]
[White "AdvanceGuard4"]
[Black "Ibarra Jerez, Jose Carlos"]
[BlackFideId "2226332"]
[WhiteElo "2559"]
[BlackElo "2851"]
[Result "0-1"]
[Round "11"]
[TimeControl "180+2"]
[Date "2023.07.04"]
[WhiteClock "0:00:01"]
[BlackClock "0:00:37"]
[Board "28"]

1. Nf3 d6 2. g3 e5 3. Bg2 f5 4. O-O Nf6 5. d4 e4 6. Nfd2 Be7 7. c4 O-O 8. Nc3 c6 9. f3 d5 10. e3 Na6 11. a3 Nc7 12. b4 Be6 13. cxd5 cxd5 14. b5 Rc8 15. a4 Bb4 16. Qb3 Ba5 17. Bb2 Qe8 18. Rac1 Qh5 19. Ba3 Rfe8 20. Bd6 Qh6 21. Bf4 g5 22. Be5 Nd7 23. Bxc7 Rxc7 24. fxe4 fxe4 25. Qb2 g4 26. Nd1 Rxc1 27. Qxc1 Nb6 28. Nb3 Bb4 29. Qc7 Qg7 30. Qxg7+ Kxg7 31. Nc5 Bxc5 32. dxc5 Nxa4 33. c6 bxc6 34. bxc6 Rc8 35. Nf2 Rxc6 36. Ra1 Rc4 37. Rb1 Nb6 38. Bf1 Rc2 39. Ra1 Rc7 40. Be2 h5 41. h3 gxh3 42. Bxh5 Nc4 43. Re1 Ne5 44. Kh2 Rc2 45. Re2 Rc3 46. g4 Nc4 47. Nxh3 Nxe3 48. Nf4 Bxg4 49. Ra2 Bxh5 50. Rxa7+ Kh6 51. Ra6+ Kg5 52. Nxh5 Ng4+ 53. Kg2 Kxh5 54. Kf1 Rc2 55. Ke1 Kh4 56. Kd1 Rh2 57. Ke1 Kg3 58. Kd1 d4 59. Ke1 d3 60. Kd1 Ne3+ 61. Kc1 d2+ 0-1


[Site "https://www.chess.com"]

[Event "Titled Tuesday Blitz July 4 Late 2023"]
[White "ElDivis"]
[Black "Gorovets, Andrey"]
[BlackFideId "13504037"]
[WhiteElo "2555"]
[BlackElo "2737"]
[Result "0-1"]
[Round "11"]
[TimeControl "180+2"]
[Date "2023.07.04"]
[WhiteClock "0:00:00"]
[BlackClock "0:00:13"]
[Board "29"]

1. Nf3 Nf6 2. c4 c5 3. Nc3 d5 4. cxd5 Nxd5 5. g3 Nc7 6. a3 Nc6 7. Bg2 g6 8. b4 cxb4 9. axb4 Nxb4 10. Qa4+ Nc6 11. Ne5 Bd7 12. Nxc6 Bxc6 13. Bxc6+ bxc6 14. Qxc6+ Qd7 15. Qb7 a5 16. Qb6 Ra6 17. Qb8+ Qd8 18. Qxd8+ Kxd8 19. d3 Bg7 20. Bd2 Kd7 21. O-O Rha8 22. Ra4 Bxc3 23. Bxc3 Nd5 24. Bd2 Nb6 25. Ra3 a4 26. Rfa1 e5 27. Be3 Nd5 28. Bd2 Nc7 29. f4 exf4 30. gxf4 Nb5 31. R3a2 a3 32. Bb4 Ra4 33. Rb1 Nd4 34. Bc3 Ne6 35. e3 Kc6 36. Kf2 f5 37. Rb4 Nc5 38. Rxa4 Rxa4 39. Ke2 Kb5 40. Bd2 Ra8 41. Kd1 Ka4 42. Bc1 Kb3 43. Rc2 a2 44. Bb2 Nxd3 45. Ba1 Rd8 46. Rd2 Nf2+ 47. Ke2 Rxd2+ 48. Kxd2 Ng4 49. h3 Nf2 50. Ke2 Nxh3 51. Kd3 g5 52. fxg5 Nxg5 53. Kd4 Nf3+ 54. Kd3 h5 55. e4 h4 56. exf5 h3 57. f6 Ng5 58. Be5 h2 59. Bxh2 a1=Q 0-1


[Site "https://www.chess.com"]

[Event "Titled Tuesday Blitz July 4 Late 2023"]
[White "Ghazarian, Kirk"]
[Black "Arencibia Monduy, Antonio"]
[WhiteFideId "30908604"]
[BlackFideId "3507939"]
[WhiteElo "2735"]
[BlackElo "2551"]
[Result "1-0"]
[Round "11"]
[TimeControl "180+2"]
[Date "2023.07.04"]
[WhiteClock "0:00:20"]
[BlackClock "0:00:00"]
[Board "30"]

1. e4 e6 2. g3 d5 3. Nc3 dxe4 4. Nxe4 Nf6 5. Nxf6+ Qxf6 6. Bg2 e5 7. Ne2 Nc6 8. O-O Bd7 9. d3 h6 10. Nc3 O-O-O 11. Be3 g5 12. Rb1 Nd4 13. b4 Bc6 14. Ne4 Qe6 15. Bxd4 Rxd4 16. c3 Rd8 17. b5 Bxe4 18. Bxe4 f5 19. Bg2 e4 20. Qa4 Bc5 21. dxe4 fxe4 22. Rbe1 e3 23. fxe3 Rd2 24. Qb3 Qxb3 25. axb3 Re8 26. Kh1 Rc2 27. c4 a5 28. bxa6 bxa6 29. Bc6 Rd8 30. Rd1 Rxd1 31. Rxd1 Kb8 32. e4 Re2 33. Rd5 Be3 34. c5 Ka7 35. h3 h5 36. b4 h4 37. gxh4 a5 38. Rd8 1-0


[Site "https://www.chess.com"]

[Event "Titled Tuesday Blitz July 4 Late 2023"]
[White "Weetik, Vjacheslav"]
[Black "Petesch, Gabriel"]
[WhiteFideId "4153472"]
[BlackFideId "2032465"]
[WhiteElo "2723"]
[BlackElo "2548"]
[Result "0-1"]
[Round "11"]
[TimeControl "180+2"]
[Date "2023.07.04"]
[WhiteClock "0:00:00"]
[BlackClock "0:00:16"]
[Board "31"]

1. e4 d5 2. exd5 Qxd5 3. Nc3 Qd8 4. d4 c6 5. Nf3 Nf6 6. Bc4 e6 7. Qe2 Be7 8. Be3 Nbd7 9. Ne5 Nb6 10. Bd3 Nbd5 11. Bd2 Nb4 12. Be3 Nbd5 13. Nxd5 Nxd5 14. Bd2 Nb4 15. Bxb4 Bxb4+ 16. c3 Bd6 17. O-O-O Qg5+ 18. Kb1 f6 19. f4 Qh6 20. Ng4 Qxf4 21. Rdf1 Qg5 22. h4 Qa5 23. h5 h6 24. Bg6+ Kd8 25. Ne3 Qc7 26. c4 Bd7 27. d5 Qb6 28. Rd1 cxd5 29. cxd5 e5 30. Bf5 Bc5 31. Bxd7 Bxe3 32. Be6 Bd4 33. d6 Qxd6 34. Qg4 Re8 35. Bb3 Re7 36. Qf5 a5 37. a4 Qd7 38. Qh7 b5 39. Ka2 Rb8 40. Rd3 bxa4 41. Bc4 Rxb2+ 42. Ka3 Qd6+ 0-1


[Site "https://www.chess.com"]

[Event "Titled Tuesday Blitz July 4 Late 2023"]
[White "Goryachkina, Aleksandra"]
[Black "Moral Garcia, Serafin"]
[WhiteFideId "4147103"]
[BlackFideId "2201925"]
[WhiteElo "2703"]
[BlackElo "2534"]
[Result "1-0"]
[Round "11"]
[TimeControl "180+2"]
[Date "2023.07.04"]
[WhiteClock "0:00:01"]
[BlackClock "0:00:10"]
[Board "32"]

1. e4 e5 2. Nf3 Nf6 3. Nxe5 d6 4. Nf3 Nxe4 5. Nc3 Nxc3 6. dxc3 Be7 7. Be3 O-O 8. Qd2 Nd7 9. O-O-O Re8 10. h4 Nf6 11. Bd3 d5 12. h5 Bf8 13. Kb1 c6 14. Bg5 Qd6 15. Nd4 Ne4 16. Bxe4 Rxe4 17. f3 Re8 18. g4 Bd7 19. Bf4 Qc5 20. g5 a5 21. g6 fxg6 22. hxg6 h6 23. Rdg1 Qe7 24. Rh2 Qf6 25. Rhg2 c5 26. Ne2 Bc6 27. Bxh6 gxh6 28. g7 Bxg7 29. Rxg7+ Qxg7 30. Rxg7+ Kxg7 31. Nf4 Rad8 32. Qg2+ Kf8 33. a3 Rd6 34. Qh2 Rf6 35. Nh5 Rg6 36. Qf4+ Ke7 37. Qc7+ Kf8 38. Qf4+ Ke7 39. Qc7+ Kf8 40. Qxa5 c4 41. Qc5+ Kg8 42. Qd4 Rf8 43. a4 Rxf3 44. a5 Rf1+ 45. Ka2 Rgg1 46. Ka3 Kh7 47. Kb4 Rb1 48. Kc5 Rxb2 49. Qxg1 Rb5+ 50. Kd6 1-0


[Site "https://www.chess.com"]

[Event "Titled Tuesday Blitz July 4 Late 2023"]
[White "Aggelis, Nikolaos"]
[Black "Shuvalova, Polina"]
[WhiteFideId "4213220"]
[BlackFideId "24171760"]
[WhiteElo "2546"]
[BlackElo "2677"]
[Result "1-0"]
[Round "11"]
[TimeControl "180+2"]
[Date "2023.07.04"]
[WhiteClock "0:00:16"]
[BlackClock "0:00:08"]
[Board "33"]

1. c4 e6 2. g3 d5 3. Bg2 Nf6 4. Nf3 Be7 5. O-O O-O 6. d4 c6 7. Nbd2 Nbd7 8. b3 b6 9. Bb2 Bb7 10. Ne5 Rc8 11. Rc1 Nxe5 12. dxe5 Nd7 13. e4 dxc4 14. Nxc4 Qc7 15. Nd6 Rcd8 16. f4 c5 17. Qh5 Bxd6 18. exd6 Qxd6 19. Rfd1 Qe7 20. b4 Nf6 21. Bxf6 Qxf6 22. bxc5 bxc5 23. Qxc5 Qb2 24. Qxa7 h5 25. Qf2 Qa3 26. h4 Qa4 27. Qe2 g6 28. Kh2 Rc8 29. Rxc8 Rxc8 30. Rd2 Qa5 31. Qd1 Kg7 32. Qa1+ Kg8 33. Qd1 Ra8 34. Rb2 Bc6 35. Qd2 Qa3 36. Rc2 Ba4 37. Rc3 Qe7 38. Qc1 Bd7 39. a3 Kg7 40. Rc7 Rd8 41. Qc3+ Kg8 42. Qd4 Qe8 43. e5 Bb5 44. Qc5 Bd3 45. Qe7 Qxe7 46. Rxe7 Bb5 47. Ra7 Rd4 48. Rb7 Ba6 49. Rb6 Ra4 50. Rb3 Bc4 51. Rc3 Bb5 52. Kg1 Kg7 53. Bf1 Bd7 54. Kf2 Kf8 55. Bd3 Ke7 56. Bc2 Ra5 57. Ke3 Ra7 58. Kd2 Kd8 59. Kc1 Ra5 60. Kb2 Rd5 61. Rd3 Rb5+ 62. Bb3 Kc7 63. Kc3 Rc5+ 64. Kb4 Rc1 65. Rc3+ Rxc3 66. Kxc3 Kb6 67. Kb4 Bc6 68. a4 Bf3 69. a5+ Kc7 70. Kc5 Bb7 71. Bc4 Ba8 72. Bb5 Bb7 73. Be8 Be4 74. Bxf7 Kd7 75. a6 Ke7 76. Bg8 Ba8 77. a7 Bb7 78. Bh7 Kf7 79. Kd6 Be4 80. Bxg6+ Kxg6 81. Kxe6 Bd3 82. Kd7 Bf5+ 83. Kd6 Be4 84. e6 Kf5 85. e7 Kg4 86. e8=Q Bf3 87. Qg6+ Kh3 88. f5 Bg4 89. Qxg4+ hxg4 90. a8=Q Kxg3 91. f6 Kh2 92. f7 g3 93. h5 g2 94. Qxg2+ Kxg2 95. h6 Kg3 96. h7 Kg2 97. h8=Q Kg1 98. f8=Q Kg2 99. Qhg7+ Kh1 100. Qfh8# 1-0


[Site "https://www.chess.com"]

[Event "Titled Tuesday Blitz July 4 Late 2023"]
[White "Aldokhin, Ivan"]
[Black "Hajiyev, Kanan"]
[WhiteFideId "24115720"]
[BlackFideId "13404148"]
[WhiteElo "2660"]
[BlackElo "2523"]
[Result "1-0"]
[Round "11"]
[TimeControl "180+2"]
[Date "2023.07.04"]
[WhiteClock "0:00:32"]
[BlackClock "0:01:23"]
[Board "34"]

1. e4 c6 2. Nc3 d5 3. d4 a6 4. Bd3 dxe4 5. Nxe4 Bf5 6. Ne2 e6 7. N2g3 Bg6 8. h4 Nf6 9. Nxf6+ Qxf6 10. Be3 Nd7 11. h5 Bxd3 12. Qxd3 h6 13. O-O-O Bd6 14. Ne4 Qe7 15. g3 O-O-O 16. Nxd6+ Qxd6 17. Bf4 Qd5 18. c4 Qa5 19. Kb1 e5 20. dxe5 Rhf8 21. Qf5 Qc5 22. Rd6 f6 23. Rhd1 fxe5 24. Rxd7 Rxf5 25. Rxd8+ Kc7 26. R1d7+ Kb6 27. Be3 Rxf2 28. Bxc5+ Kxc5 29. Rxg7 1-0


[Site "https://www.chess.com"]

[Event "Titled Tuesday Blitz July 4 Late 2023"]
[White "MKlose11"]
[Black "Molenda, Marcin"]
[BlackFideId "1173065"]
[WhiteElo "2656"]
[BlackElo "2516"]
[Result "1-0"]
[Round "11"]
[TimeControl "180+2"]
[Date "2023.07.04"]
[WhiteClock "0:00:27"]
[BlackClock "0:00:06"]
[Board "35"]

1. e4 c6 2. Nc3 d5 3. g3 d4 4. Nce2 c5 5. d3 e5 6. Bg2 Nc6 7. f4 exf4 8. Bxf4 Bd6 9. Nf3 Nge7 10. O-O Ng6 11. Bxd6 Qxd6 12. Qd2 Bg4 13. Nf4 Bxf3 14. Bxf3 Nce5 15. Bh5 O-O 16. Bxg6 fxg6 17. Kg2 Ng4 18. Nd5 Rxf1 19. Rxf1 Rf8 20. Qe2 h5 21. Rxf8+ Kxf8 22. Qf3+ Kg8 23. Qf4 Qe5 24. h3 Qxf4 25. gxf4 Nf6 26. Ne7+ Kf7 27. Nc8 Ke6 28. Nxa7 Ne8 29. Nb5 b6 30. Kf3 Nf6 31. a4 Nh7 32. c3 dxc3 33. bxc3 g5 34. f5+ Kd7 35. d4 cxd4 36. cxd4 Nf6 37. e5 Nd5 38. Ke4 Ne7 39. d5 g4 40. hxg4 h4 41. Nd4 h3 42. Nf3 Ng8 43. g5 Ne7 44. Nh2 g6 45. fxg6 Nxg6 46. Kf5 Nh4+ 47. Kf6 b5 48. axb5 Ke8 49. b6 Kd7 50. g6 Ke8 51. g7 Ng6 52. g8=Q+ Nf8 53. Qxf8+ Kd7 54. Qb4 Kc8 55. e6 Kb7 56. e7 Ka6 57. b7 Ka7 58. b8=Q+ Ka6 59. Qa8# 1-0


[Site "https://www.chess.com"]

[Event "Titled Tuesday Blitz July 4 Late 2023"]
[White "Domingo Nunez, Ruben"]
[Black "only_strong_moves"]
[WhiteFideId "22245570"]
[WhiteElo "2625"]
[BlackElo "2524"]
[Result "0-1"]
[Round "11"]
[TimeControl "180+2"]
[Date "2023.07.04"]
[WhiteClock "0:02:26"]
[BlackClock "0:02:03"]
[Board "36"]

1. Nf3 d5 2. g3 Bg4 3. Bg2 e6 4. c4 Nf6 5. Qb3 Nc6 6. cxd5 exd5 7. Qxb7 Nb4 8. Qb5+ Bd7 9. Qa5 Nc2+ 10. Kf1 Nxa1 11. Nd4 c5 12. Qxd8+ Rxd8 13. Nf3 Nc2 0-1


[Site "https://www.chess.com"]

[Event "Titled Tuesday Blitz July 4 Late 2023"]
[White "Ladan, Nicholas"]
[Black "Karttunen, Mika"]
[WhiteFideId "30918855"]
[BlackFideId "502081"]
[WhiteElo "2478"]
[BlackElo "2608"]
[Result "1-0"]
[Round "11"]
[TimeControl "180+2"]
[Date "2023.07.04"]
[WhiteClock "0:00:45"]
[BlackClock "0:00:01"]
[Board "37"]

1. d4 Nf6 2. c4 e6 3. g3 d5 4. Nf3 Bb4+ 5. Bd2 a5 6. Bg2 O-O 7. O-O b6 8. Qc2 Bb7 9. Ne5 Be7 10. Nc3 Nc6 11. cxd5 Nb4 12. Qb3 exd5 13. a3 Na6 14. Rac1 c6 15. Na4 b5 16. Nd3 Bc8 17. Nac5 Nc7 18. Qd1 Bd6 19. Qe1 a4 20. Ne5 Bxe5 21. dxe5 Ng4 22. Nd3 Bf5 23. h3 Nh6 24. Bxh6 gxh6 25. Rxc6 Ne6 26. Rd6 Qg5 27. h4 Qg6 28. Nf4 Qg7 29. Nxd5 Qxe5 30. Ne7+ Kh8 31. Nxf5 Qxf5 32. Bxa8 Rxa8 33. Qc3+ Kg8 34. Qf3 Qxf3 35. exf3 Rc8 36. Rb6 Rc5 37. Rd1 Kg7 38. f4 h5 39. Rd7 Rc4 40. Rxb5 Nc5 41. Rc7 Rc1+ 42. Kg2 1-0


[Site "https://www.chess.com"]